[Event "*** Titled Tuesday Blitz"]
[Site "Chess.com"]
[Date "2019.12.03"]
[Round "5"]
[White "vovachesss"]
[Black "Satscho"]
[Result "0-1"]
[WhiteElo "2545"]
[BlackElo "2343"]
[TimeControl "180+2"]
[EndTime "14:06:48 PST"]
[Termination "Satscho won on time"]

1. Nf3 g6 2. h4 h6 3. d4 Bg7 4. e4 d6 5. Nc3 a6 6. a4 b6 7. Bc4 e6 8. Qe2 Ne7 9. Bf4 Bb7 10.
h5 g5 11. Nxg5 hxg5 12. Bxg5 Bxd4 13. Qd3 Nbc6 14. h6 Qd7 15. O-O-O O-O-O 16. Bxa6 Rdg8 17. Bxb7+ Kxb7 18. f4 Ra8 19. b3 f6 20. Bh4 e5 21. Bxf6 Nb4 22. Qc4 Bxc3 23. Bxh8 Rxh8 24. Rh3 Nec6 25. f5 Nd4 26. g4 Qe7 27. Kb1 Qg5 28.
Rxc3 c5 29. Qf7+ Ka6 30. Qg7 Qd8 31. h7 Nbc6 32. g5 Ka5 33. g6 Kb4 34. Rc4+ Ka3 35. Qh6 Ne2 36. Re1 Ncd4 37. Qd2 Qf6 38. Qc3 Nxc3+ 39. Rxc3 b5 40. Ree3 b4 41. Rcd3 Qg5 42.
Re1 Qg2 43. Rc1 Ne2 44. Rcd1 Nc3+ 45. Rxc3 bxc3 46. a5 Kb4 47. a6 c4 48. bxc4 Qf2 49. g7 Qb6 0-1

[Event "*** Titled Tuesday Blitz"]
[Site "Chess.com"]
[Date "2019.12.03"]
[Round "5"]
[White "DenishevM"]
[Black "bluejay1897"]
[Result "1-0"]
[WhiteElo "2609"]
[BlackElo "2378"]
[TimeControl "180+2"]
[EndTime "14:06:49 PST"]
[Termination "DenishevM won by resignation"]

1. c4 Nf6 2. g3 e6 3. Bg2 d5 4. d4 Be7 5. Nf3 O-O 6. O-O c6 7. Qc2 Nbd7 8. Rd1 b6 9. Nbd2 Bb7 10.
e4 Rc8 11. e5 Ne8 12. cxd5 cxd5 13. Qd3 Qc7 14. Ne1 f6 15. exf6 Nexf6 16. Ndf3 Ne4 17. Be3 Qd6 18. Rac1 Ndf6 19. Bf4 Qb4 20. b3 Ng4 21.
Be3 Qa3 22. Rxc8 Rxc8 23. h3 Ba6 24. Qb1 Nxe3 25. fxe3 Nxg3 26. Ne5 Bd6 27. Kh2 Nf5 28. Bxd5 Bxe5+ 29. dxe5 Qe7 30. Qxf5 exd5 31. Rxd5 Rf8 32. Rd7 Qe8 33. Qg4 Qxe5+ 34. Kg2 Bc8 35. Qc4+ Kh8 36. Rc7 Qg5+ 37. Kh1 Bxh3 38. Rf7 Rxf7 39. Qxf7 h6 40.
Qe8+ Kh7 41. Qe4+ Bf5 42. Qf4 Qh5+ 43. Kg1 Qg6+ 44. Kf2 Bb1 45. a3 Ba2 46. b4 Qe6 47. Nf3 Bd5 48. Nd4 Qg6 49. Ke2 Qg2+ 50. Kd3 Qg6+ 51.
Kc3 Be4 52. a4 a5 53. b5 h5 54. Qe5 h4 55. Ne6 Bf5 56. Nf8+ 1-0

[Event "*** Titled Tuesday Blitz"]
[Site "Chess.com"]
[Date "2019.12.03"]
[Round "5"]
[White "vova-79"]
[Black "IMTominho"]
[Result "1/2-1/2"]
[WhiteElo "2494"]
[BlackElo "2709"]
[TimeControl "180+2"]
[EndTime "14:06:51 PST"]
[Termination "Game drawn by repetition"]

1. d4 d5 2. c4 c6 3. Nc3 Nf6 4. cxd5 cxd5 5. f3 Nc6 6. e4 e6 7. e5 Nd7 8. f4 Be7 9. Nf3 O-O 10. Bd3 f5 11. O-O a6 12. Ne2 b5 13. h3 Nb4 14.
Bb1 Nb6 15. g4 Ra7 16. Kh2 Rc7 17. b3 Bd7 18. Bd2 Qc8 19. Bxb4 Bxb4 20. gxf5 exf5 21.
Bd3 Ba3 22. Rb1 Qd8 23. Rg1 Qe7 24. Qe1 Be6 25. Ng5 h6 26. Nxe6 Qxe6 27. Qa5 Be7 28. Qxa6 Ra8 29. Qxb5 Rxa2 30. Rg2 Rd2 31. Rbg1 Bf8 32.
Ng3 Rxg2+ 33. Rxg2 Nc8 34. Bxf5 Qf7 35. Bd3 Rb7 36.
Qc6 Na7 37. Qg6 Qxg6 38. Bxg6 Rxb3 39. f5 Nc6 40. f6 gxf6 41. Nh5 Kh8 42. Bf7 Be7 43.
Rg8+ Kh7 44. Rg7+ Kh8 45. Rg8+ Kh7 46. Rg7+ Kh8 47. Rg8+ 1/2-1/2

[Event "*** Titled Tuesday Blitz"]
[Site "Chess.com"]
[Date "2019.12.03"]
[Round "5"]
[White "Kildepiotr"]
[Black "HiHaruka"]
[Result "1-0"]
[WhiteElo "2531"]
[BlackElo "2304"]
[TimeControl "180+2"]
[EndTime "14:06:51 PST"]
[Termination "Kildepiotr won on time"]

1. Nf3 b6 2. g3 Bb7 3. Bg2 Nf6 4.
O-O d6 5. c4 e5 6. d3 Be7 7.
Nc3 O-O 8. e4 Nbd7 9. Ne1 Ne8 10.
f4 f5 11. exf5 Bxg2 12. Nxg2 Rxf5 13. Ne3 Rf8 14. f5 Bg5 15. Ned5 c6 16. Nb4 Rc8 17. Qf3 Nb8 18. Bxg5 Qxg5 19. Ne4 Qe7 20. Qg4 Nf6 21.
Nxf6+ Rxf6 22. Nc2 d5 23. Rae1 Qc5+ 24. Kg2 Nd7 25.
b3 Rcf8 26. Ne3 d4 27. Nd1 Qa3 28. Re2 b5 29. Qe4 Nc5 30. Qxe5 Nxd3 31. Qxd4 Rd6 32. Qe4 Nc5 33. Qe7 Rd7 34. Qg5 Rdf7 35. Ne3 Ne4 36. Qf4 Nc3 37. Rd2 bxc4 38. Nxc4 Qc5 39. g4 Nd5 40. Qd4 Qb4 41. Re1 Qb8 42. Rf2 Rd8 43. Re6 Nf6 44. Qf4 Qb7 45. Nd6 Qa8 46. Nxf7 Kxf7 47.
Rfe2 c5+ 48. Qf3 Qb8 49. Re7+ Kf8 50. h3 Nd5 51. R7e4 Qb5 52. g5 Qa6 53. f6 gxf6 54. Re6 Qb5 55. Rxf6+ 1-0

[Event "*** Titled Tuesday Blitz"]
[Site "Chess.com"]
[Date "2019.12.03"]
[Round "5"]
[White "Noam_Vitenberg"]
[Black "Denis_Palkovich"]
[Result "0-1"]
[WhiteElo "2340"]
[BlackElo "2249"]
[TimeControl "180+2"]
[EndTime "14:06:51 PST"]
[Termination "Denis_Palkovich won by resignation"]

1. c4 c6 2. e4 d6 3. d4 Nd7 4. Nf3 h6 5. h4 e5 6. h5 Ngf6 7.
Nc3 Qc7 8. Be2 Be7 9. Nh4 exd4 10.
Qxd4 Ne5 11. Bf4 Be6 12. Nf5 Bxf5 13. exf5 b6 14. O-O-O O-O-O 15. f3 Nfd7 16. Ne4 Nf6 17. Kb1 Nxe4 18. fxe4 Bf6 19. Qd2 c5 20. Qd5 Qc6 21. Qxc6+ Nxc6 22. Rxd6 Nd4 23. Bg4 Rxd6 24. Bxd6 Re8 25.
e5 Bxe5 26. Re1 f6 27. Bxe5 fxe5 28. f6+ Kd8 29. fxg7 Rg8 30. Rxe5 Rxg7 31. Bf3 Rf7 32. Re3 Re7 33. Rxe7 Kxe7 34. Kc1 Kf6 35. Kd2 Nxf3+ 36. gxf3 Kg5 37. Ke3 Kxh5 38. Kf4 Kg6 39. Kg4 h5+ 40. Kf4 Kf6 41. a3 a6 42. b4 a5 43. bxa5 bxa5 44. a4 Kg6 45. Ke4 h4 46. Kf4 Kh5 47. Ke3 Kg5 48. Kf2 Kf4 49. Kg2 h3+ 50. Kxh3 Kxf3 51. Kh4 Ke4 52. Kg5 Kd4 53. Kf4 Kxc4 54. Ke3 Kb3 0-1

[Event "*** Titled Tuesday Blitz"]
[Site "Chess.com"]
[Date "2019.12.03"]
[Round "5"]
[White "gmcorrales"]
[Black "Alopekos"]
[Result "1-0"]
[WhiteElo "2738"]
[BlackElo "2493"]
[TimeControl "180+2"]
[EndTime "14:06:56 PST"]
[Termination "gmcorrales won on time"]

1. e4 e5 2. Nf3 Nc6 3. d4 exd4 4. Nxd4 Bb4+ 5. c3 Bc5 6. Be3 Bb6 7. Nf5 Bxe3 8. Nxe3 d6 9. c4 Nge7 10. Nc3 O-O 11. Be2 f5 12. exf5 Nxf5 13. Nxf5 Bxf5 14. O-O Kh8 15. f4 Qf6 16. Kh1 Rae8 17. Bf3 Nb4 18. Qb3 Nc2 19. Rac1 Nd4 20. Qxb7 Rb8 21. Qxc7 Nxf3 22.
Rxf3 Rxb2 23. Qxa7 Bg4 24. Rff1 Be6 25. Qa3 Rfb8 26.
Qxd6 Qg6 27. Rg1 R2b6 28. Qd4 Rb4 29. Ne4 Rf8 30. Qd6 Rbb8 31. Ng5 Bf5 32. Qxg6 Bxg6 33. Rgf1 h6 34. Ne6 Rf6 35. Nd4 Bd3 36. Rfd1 Be4 37. Ne2 Rb2 38. Re1 Rg6 39. Ng3 Bxg2+ 40. Kg1 Bc6 41. f5 Rg2+ 42. Kf1 Rg4 43. Ne2 Rxh2 44. Red1 Bf3 45. Rd8+ Kh7 46. Nd4 Be4 47. Re1 Bd3+ 48. Ne2 Rf4+ 49. Kg1 Rff2 50. Nf4 1-0

[Event "*** Titled Tuesday Blitz"]
[Site "Chess.com"]
[Date "2019.12.03"]
[Round "5"]
[White "dusanacns"]
[Black "MasterLeif"]
[Result "1-0"]
[WhiteElo "2686"]
[BlackElo "2449"]
[TimeControl "180+2"]
[EndTime "14:06:57 PST"]
[Termination "dusanacns won on time"]

1. d4 d5 2. Nf3 Nf6 3. Bf4 Bf5 4. c4 e6 5. Nc3 Bd6 6. Bg3 dxc4 7. e3 O-O 8. Bxc4 Nbd7 9. Qe2 Ne4 10.
Bxd6 cxd6 11. O-O d5 12. Nxe4 Bxe4 13. Bd3 Bxd3 14. Qxd3 Qb6 15. b3 h6 16. Rfc1 Rac8 17. Rc2 Rc6 18. Rac1 Rfc8 19. h4 a6 20. g3 Rxc2 21.
Rxc2 Rc6 22. Kg2 Qc7 23. Rxc6 Qxc6 24. Qd2 f6 25. Qb4 Kf7 26. h5 e5 27. Nh4 Qb6 28. Qc3 exd4 29. exd4 Nf8 30. Nf5 Ne6 31. Qc8 Qc7 32. Qxc7+ Nxc7 33. Nd6+ Ke7 34. Nxb7 Nb5 35.
Nc5 a5 36. Nb7 a4 37. bxa4 Nxd4 38. a5 Nc6 39. a6 Kd7 40. Kf3 Kc7 41. Nc5 Kb6 42.
Ne6 Ne5+ 43. Kf4 g6 44. hxg6 Nxg6+ 45. Kf5 Ne5 46. f4 Nc6 47. Kxf6 d4 48. f5 d3 49.
Nf4 d2 50. Nd5+ Kc5 51. Ne3 Kd4 52. Nd1 Kd3 53. Kg7 Ke2 54. Nb2 1-0

[Event "*** Titled Tuesday Blitz"]
[Site "Chess.com"]
[Date "2019.12.03"]
[Round "5"]
[White "Niklas2304"]
[Black "Sajkochess"]
[Result "0-1"]
[WhiteElo "2360"]
[BlackElo "2257"]
[TimeControl "180+2"]
[EndTime "14:07:04 PST"]
[Termination "Sajkochess won by resignation"]

1. e4 c5 2. Nf3 e6 3. d4 cxd4 4. Nxd4 Nc6 5. Be2 Nf6 6. Nc3 Qc7 7. O-O a6 8. Kh1 Nxd4 9. Qxd4 Bc5 10. Qd3 b5 11. f4 Bb7 12. e5 Nd5 13. Nxd5 Bxd5 14. Qg3 g6 15. c3 h5 16. h3 Qb7 17. Bf3 Bxf3 18. Qxf3 Qxf3 19. Rxf3 d5 20. exd6 Bxd6 21. a4 Ke7 22. Be3 Rhb8 23. axb5 axb5 24. Rff1 b4 25. c4 b3 26. c5 Bc7 27. g3 Ra2 28. Bd4 Rba8 29.
Rac1 R8a4 30. Rfd1 f6 31. Kg2 e5 32. fxe5 fxe5 33. Bc3 Ke6 34. Rd3 Rc4 35. Bd2 Rd4 36. Rxd4 exd4 37. Re1+ Kd5 38. Bc1 Ba5 39. Re7 Bc3 40. Kf3 Bxb2 41. Bf4 Kxc5 42. Ke4 Bc3 43. Rc7+ Kb6 44. Rc8 b2 45. Rb8+ Kc5 46. Kd3 Bb4 47. Kc2 Bc3 48. Rc8+ Kd5 49. Rd8+ Ke4 50. Rd6 d3+ 51. Kxc3 b1=Q 52. Re6+ Kf3 53. Re3+ Kg2 54.
Rxd3 Ra3+ 0-1

[Event "*** Titled Tuesday Blitz"]
[Site "Chess.com"]
[Date "2019.12.03"]
[Round "5"]
[White "Alexander_Donchenko"]
[Black "Gennady_Kozlov"]
[Result "1/2-1/2"]
[WhiteElo "2735"]
[BlackElo "2554"]
[TimeControl "180+2"]
[EndTime "14:07:07 PST"]
[Termination "Game drawn by repetition"]

1. e4 e6 2. d4 d5 3. Nc3 Nf6 4. Bg5 Be7 5. e5 Nfd7 6. Bxe7 Qxe7 7. Nf3 a6 8. Ne2 c5 9. c3 Nc6 10. Ng3 f6 11. exf6 Qxf6 12. Bd3 O-O 13. O-O e5 14. dxe5 Ndxe5 15. Be2 Be6 16. Nxe5 Qxe5 17. Bg4 Bxg4 18.
Qxg4 Rae8 19. Rad1 d4 20. h3 Rf4 21. Qd7 Rf7 22. Qg4 dxc3 23. bxc3 Qxc3 24. Ne4 Qe5 25. Nd6 Rf4 26. Qg3 Nd4 27. Rde1 Qxe1 28. Rxe1 Rxe1+ 29. Kh2 Rf6 30. f3 Re2 31. Kh1 Nf5 32. Nxf5 Rxf5 33. Qb8+ Rf8 34. Qxb7 Re1+ 35. Kh2 Ree8 36. Qxa6 Rc8 37.
Qc4+ Kh8 38. a4 Rf6 39. a5 h6 40. Qg4 Ra8 41. Qh5 Rxa5 42. Qe8+ Kh7 43. Qe4+ Kg8 44.
Qd5+ Kh7 45. Qe4+ Rg6 46. h4 h5 47. Qf5 Kh6 48. Qf4+ Kh7 49. Qf5 Kh6 50. g4 Ra2+ 51. Kg3 hxg4 52. fxg4 Ra3+ 53. Kh2 Ra2+ 54. Kh3 Ra3+ 55.
Kg2 Ra2+ 56. Kh3 Ra3+ 57. Kh2 Ra2+ 58. Kh3 1/2-1/2

[Event "*** Titled Tuesday Blitz"]
[Site "Chess.com"]
[Date "2019.12.03"]
[Round "5"]
[White "earling8018"]
[Black "Misticpikachu"]
[Result "1-0"]
[WhiteElo "1934"]
[BlackElo "2269"]
[TimeControl "180+2"]
[EndTime "14:07:09 PST"]
[Termination "earling8018 won by checkmate"]

1. c4 e6 2. Nf3 d5 3. d4 Nf6 4. g3 Be7 5. Bg2 O-O 6. O-O dxc4 7. Qc2 a6 8. a4 Bd7 9. Qxc4 Bc6 10. Nc3 b5 11. Qd3 b4 12. Nb1 Be4 13. Qd1 c5 14. dxc5 Bxc5 15. Qxd8 Rxd8 16. Nbd2 Bd5 17. Ne5 Bxg2 18.
Kxg2 Nbd7 19. Nxd7 Rxd7 20. Nb3 Bb6 21. a5 Ba7 22.
Bf4 Nd5 23. Rfd1 Kf8 24. Kf3 Rad8 25. Rac1 Ke7 26. Rc6 Nxf4 27. Rxd7+ Kxd7 28. Rxa6 Bxf2 29. gxf4 Bg1 30. e3 Rc8 31. Rb6 Rc2 32. Rxb4 Kc6 33.
Nd4+ Kc5 34. Nxc2 e5 35. fxe5 f5 36. exf6 gxf6 37. a6 Bxh2 38. a7 Kd5 39. a8=Q+ Ke5 40. Qe8+ Kf5 41. Qe4+ Kg5 42. Qg4+ Kh6 43. Qh4+ Kg6 44.
Qxh2 h5 45. Qd6 Kg5 46. Rf4 f5 47. Qe5 Kg6 48. Qxf5+ Kg7 49. Qf6+ Kh7 50. Qf7+ Kh6 51. Qg8 h4 52. Rxh4# 1-0

[Event "*** Titled Tuesday Blitz"]
[Site "Chess.com"]
[Date "2019.12.03"]
[Round "5"]
[White "Marcin"]
[Black "x-3738459472"]
[Result "1/2-1/2"]
[WhiteElo "2369"]
[BlackElo "2544"]
[TimeControl "180+2"]
[EndTime "14:07:19 PST"]
[Termination "Game drawn by agreement"]

1. d4 d5 2. c4 c6 3. Nf3 Nf6 4. e3 Bf5 5. Nc3 e6 6. Nh4 Be4 7. f3 Bg6 8. g3 Bd6 9. Nxg6 hxg6 10. Bg2 dxc4 11. Kf2 Nd5 12. e4 Nxc3 13. bxc3 Qc7 14. e5 Be7 15. Qe2 b5 16. f4 Nd7 17. h4 Nb6 18. h5 gxh5 19. Rxh5 Rxh5 20. Qxh5 Nd5 21. Bd2 b4 22. Rc1 bxc3 23. Bxc3 Nxc3 24. Rxc3 Qb6 25. Rxc4 Rc8 26. Qe2 Kf8 27. Qc2 Kg8 28. Bxc6 Rd8 29.
Ke3 Rxd4 30. Rxd4 Bc5 31. Be4 Bxd4+ 32. Kf3 g6 33. Kg4 Kg7 34. Qc8 Qb5 35. Qd8 Bxe5 36.
fxe5 Qxe5 37. Kf3 Qh5+ 38. Ke3 e5 39. Qe7 Qh6+ 40. Kd3 Qh5 41. Qxa7 Qd1+ 42. Kc4 Qe2+ 43. Kd5 Kh6 44. Qa3 f5 45. Bf3 Qb5+ 46. Ke6 Qe8+ 47.
Kf6 e4 48. Qe3+ Kh7 49. Be2 Qf8+ 50. Ke5 Qe7+ 51. Kd5 Qd7+ 52. Kc4 Qa4+ 53. Kc3 Qa3+ 54. Kd2 Qxa2+ 55. Ke1 Qa1+ 56. Kf2 Qe5 57. Kg2 Qf6 58.
Qa7+ Kh6 59. Qe3+ Kh7 60. Kh3 g5 61. Bc4 Kh6 62. Qa7 f4 63. Qa6 Qxa6 64. Bxa6 fxg3 65. Kxg3 1/2-1/2

[Event "*** Titled Tuesday Blitz"]
[Site "Chess.com"]
[Date "2019.12.03"]
[Round "5"]
[White "SmirnovAlexandrA"]
[Black "HouseOfDurin"]
[Result "1-0"]
[WhiteElo "2388"]
[BlackElo "2116"]
[TimeControl "180+2"]
[EndTime "14:07:29 PST"]
[Termination "SmirnovAlexandrA won by resignation"]

1. e4 c5 2. Nf3 Nc6 3. Nc3 e5 4.
Bc4 g6 5. d3 h6 6. O-O Bg7 7. Ne1 Nge7 8. f4 d6 9. Nf3 O-O 10. h3 Na5 11. Bd5 Nxd5 12. Nxd5 f5 13. fxe5 dxe5 14. c4 Nc6 15. Be3 b6 16. Qd2 Kh7 17.
Rae1 fxe4 18. dxe4 Nd4 19. Nh2 Be6 20. Rxf8 Qxf8 21.
Rf1 Qd6 22. b3 Bxd5 23. cxd5 Rf8 24. Rxf8 Qxf8 25. Qf2 Qxf2+ 26. Kxf2 h5 27. Nf3 Bf6 28. Nxd4 cxd4 29. Bd2 Be7 30. Ke2 Kg7 31. Kd3 a6 32. a4 b5 33. Ba5 Bd6 34. Bd8 Kf7 35. g4 Ke8 36. Bg5 Kf7 37. Bd2 Ke8 38. Ke2 Kf7 39.
Kf3 Kf6 40. Ba5 hxg4+ 41. hxg4 Kg5 42. Bd8+ Kh6 43. Bf6 g5 44. Ke2 Kg6 45. Bd8 Kh6 46. Kd3 Kg6 47. Kc2 Kh6 48. Kd3 Kg6 49. axb5 axb5 50.
Bb6 b4 51. Kc4 Kf7 52. Ba5 Kf6 53. Bxb4 d3 54. Bd2 Ba3 55. Kxd3 Bb2 56. Kc4 Bd4 57. b4 Bf2 58. b5 Bd4 59. Bb4 Kf7 60. Bc5 Bxc5 61. Kxc5 Ke7 62. Kc6 Kd8 63. Kd6 Kc8 64. Kxe5 1-0

[Event "*** Titled Tuesday Blitz"]
[Site "Chess.com"]
[Date "2019.12.03"]
[Round "5"]
[White "coalescenet"]
[Black "MateusViageiro"]
[Result "0-1"]
[WhiteElo "2336"]
[BlackElo "2185"]
[TimeControl "180+2"]
[EndTime "14:07:30 PST"]
[Termination "MateusViageiro won by checkmate"]

1. d4 Nf6 2. c4 e6 3. Nc3 Bb4 4. e3 O-O 5. Ne2 b6 6. a3 Bxc3+ 7. Nxc3 Bb7 8. f3 d5 9. b3 Nbd7 10. Bb2 c5 11. Bd3 Rc8 12. O-O cxd4 13. exd4 dxc4 14. Bxc4 a6 15. a4 Nh5 16. d5 exd5 17. Nxd5 Bxd5 18.
Qxd5 Nf4 19. Qd4 Qg5 20. g3 Nh3+ 21. Kg2 b5 22. axb5 axb5 23. Kxh3 bxc4 24. Qxd7 cxb3 25.
Rfc1 Rcd8 26. Qg4 Qh6+ 27. Qh4 Qe6+ 28. g4 Rd2 29. Bc3 Rd3 30. Re1 Rxf3+ 31. Kg2 Qc6 32. Bxg7 Rf6+ 33. Kg1 Kxg7 34. g5 Qc5+ 35. Kh1 Rf2 36. Qe4 b2 37. Rab1 Rd8 38. h4 Rdd2 39. Qe5+ Qxe5 40. Rxe5 Rh2+ 41. Kg1 Rdg2+ 42. Kf1 Rc2 43. Kg1 Rhg2+ 44. Kf1 Rgd2 45. Ree1 Rf2+ 46. Kg1 Rg2+ 47. Kh1 Rh2+ 48. Kg1 Rxh4 49. Re7 Rg4+ 50. Kh1 Rc1+ 51. Re1 Rc2 52. Re5 Rd4 53. Ree1 Rdc4 54. Rg1 Rh4# 0-1

[Event "*** Titled Tuesday Blitz"]
[Site "Chess.com"]
[Date "2019.12.03"]
[Round "5"]
[White "1977Ivan"]
[Black "Parhamov"]
[Result "0-1"]
[WhiteElo "2780"]
[BlackElo "3094"]
[TimeControl "180+2"]
[EndTime "14:07:35 PST"]
[Termination "Parhamov won on time"]

1. d4 Nf6 2. c4 e6 3. Nc3 Bb4 4. Bd2 O-O 5. Nf3 d5 6. e3 b6 7. Rc1 a5 8. cxd5 exd5 9. Ne5 Ba6 10. Bxa6 Rxa6 11. O-O Bxc3 12. Bxc3 c5 13. Qa4 Qe8 14. Qxe8 Rxe8 15. dxc5 bxc5 16. Rfd1 a4 17. Nd3 Ne4 18. Nf4 a3 19. b3 d4 20. exd4 Nxc3 21. Rxc3 cxd4 22.
Rc4 g5 23. Nd3 Nc6 24. Kf1 Rd8 25. Rdc1 Rd6 26. Rc5 h6 27. R1c4 Kg7 28. Ke2 Nd8 29. Kd2 Ne6 30. Rc8 Ra5 31. R4c6 Rd7 32. g4 Re7 33.
Rd6 Rb7 34. b4 Raa7 35. Rc4 h5 36. h3 Rb8 37. Kc2 Rh8 38. Nc5 Nf4 39. b5 Nxh3 40.
gxh5 Nxf2 41. b6 Re7 42. h6+ Kh7 43. Rcxd4 g4 44. Rf4 g3 45. Nd7 Rc8+ 46. Kb3 g2 47.
Nf6+ Kh8 48. Rfd4 Ree8 49. Nxe8 g1=Q 50. Rd8 Qb1+ 51. Ka4 Rxd8 52. Rxd8 Qxb6 53. Rc8 Qa6+ 54. Kb4 Qxc8 0-1

[Event "*** Titled Tuesday Blitz"]
[Site "Chess.com"]
[Date "2019.12.03"]
[Round "5"]
[White "SCIM"]
[Black "LuckIsMySkill"]
[Result "1/2-1/2"]
[WhiteElo "2520"]
[BlackElo "2733"]
[TimeControl "180+2"]
[EndTime "14:07:36 PST"]
[Termination "Game drawn by repetition"]

1. d4 b5 2. e4 Bb7 3. Bd3 e6 4. Nf3 c5 5. c3 a6 6. O-O d6 7.
Qe2 Nd7 8. a4 c4 9. Bc2 Be7 10.
Na3 Qb6 11. Be3 Ngf6 12. d5 Nc5 13. dxe6 fxe6 14. e5 Nd5 15. exd6 Nxe3 16. Qxe3 Bxd6 17. Ng5 O-O-O 18. axb5 axb5 19. Nf7 Bd5 20. Nxh8 Rxh8 21. Rfd1 Kb7 22. Qg5 g6 23. Rxd5 exd5 24. Qxd5+ Kc7 25. Bd1 Re8 26. Bf3 Re5 27. Qf7+ Re7 28. Qd5 Rd7 29.
Qg8 Nd3 30. Nxb5+ Qxb5 31. Ra7+ Kb6 32. Rxd7 Qxd7 33. Qxc4 Nxb2 34. Qd4+ Kc7 35. Qa7+ Kc8 36. Qa8+ Bb8 37. Qa6+ Kd8 38. Qb6+ Qc7 39. Qxb2 Qxh2+ 40. Kf1 Qd6 41. Qe2 Ba7 42. g3 Bc5 43. Kg2 h5 44. Qe4 Qb6 45. Qd5+ Kc7 46. Qf7+ Kd8 47. Qd5+ Kc7 48.
Qd2 Qf6 49. c4 Qe5 50. Qd3 Qb2 51. Qe2 Qd4 52. Be4 g5 53. Bg6 h4 54. gxh4 Qxh4 55.
Qe5+ Bd6 56. Qa5+ Kd7 57. Qf5+ Kc7 58. Qa5+ Kd7 59. Qf5+ Kd8 60. Qf6+ Kc7 61. Qf7+ Kb6 62. Qf5 Qh2+ 63. Kf1 Bc5 64. Qf6+ Ka5 65. Qf5 Kb6 66.
Qf6+ Ka5 67. Qf5 Kb4 68. Qb1+ Kxc4 69. Qc2+ Kb4 70. Qb1+ Ka5 71. Qa2+ Kb6 72. Qe6+ Ka5 73. Qa2+ Kb6 74. Qe6+ Kc7 75. Qf7+ Kb6 76. Qe6+ 1/2-1/2

[Event "*** Titled Tuesday Blitz"]
[Site "Chess.com"]
[Date "2019.12.03"]
[Round "5"]
[White "TigrVShlyape"]
[Black "matiss90"]
[Result "1-0"]
[WhiteElo "2844"]
[BlackElo "2563"]
[TimeControl "180+2"]
[EndTime "14:07:36 PST"]
[Termination "TigrVShlyape won by resignation"]

1. d4 Nf6 2. Nf3 g6 3. Bf4 Bg7 4. c3 d6 5. h3 O-O 6. e3 Nfd7 7.
Be2 e5 8. Bh2 Nc6 9. Nbd2 Qe7 10.
Nc4 Kh8 11. Qc2 b5 12. Ncd2 b4 13. O-O bxc3 14. bxc3 f5 15. Rab1 Nb6 16. Nc4 f4 17. dxe5 dxe5 18. Nfd2 Bf5 19. e4 Be6 20. a4 f3 21.
gxf3 Bxh3 22. Rfd1 Qg5+ 23. Bg3 h5 24. Kh2 Be6 25.
Rh1 Rad8 26. Kg2 Qf6 27. Ne3 Bh6 28. a5 Nd7 29. Ndc4 Nc5 30. Rb5 Nd7 31. Nd5 Bxd5 32. exd5 Ne7 33. Qe4 Bg7 34. Bh4 g5 35. Bg3 h4 36. Ne3 Ng6 37. Bd3 Kh7 38. Ng4 Qf7 39. Bxh4 gxh4 40. Rxh4+ Kg8 41. Qxg6 Qxg6 42. Bxg6 Nf6 43.
c4 Nxg4 44. Rxg4 Rf4 45. Be4 Rxg4+ 46. fxg4 Bf8 47. a6 Bd6 48. Rb7 Ra8 49. c5 Bxc5 50. Rxc7 Bb6 51. Rd7 Re8 52. f3 Kf8 53. g5 Re7 54.
Rd6 Rg7 55. g6 Ke7 56. Re6+ Kd7 57. Kh3 Bd4 58. Kg4 Rg8 59. Kg5 Be3+ 60. Kf6 Bd4 61.
g7 Bc5 62. Kf7 Rxg7+ 63. Kxg7 1-0

[Event "*** Titled Tuesday Blitz"]
[Site "Chess.com"]
[Date "2019.12.03"]
[Round "5"]
[White "BillieKimbah"]
[Black "rezacz"]
[Result "0-1"]
[WhiteElo "2687"]
[BlackElo "2487"]
[TimeControl "180+2"]
[EndTime "14:07:42 PST"]
[Termination "rezacz won by resignation"]

1. d4 d5 2. c4 e6 3. Nf3 c6 4. e3 Nf6 5. Bd3 Nbd7 6. O-O Bd6 7. Nc3 dxc4 8. Bxc4 O-O 9. e4 e5 10. Be3 b5 11. Bb3 Bb7 12. h3 a5 13. dxe5 Nxe5 14. Bf4 Nxf3+ 15. Qxf3 Bxf4 16. Qxf4 a4 17. Bc2 a3 18.
bxa3 Rxa3 19. Bb3 b4 20. Na4 Qa5 21. Nb2 Ba6 22. Rfc1 c5 23. e5 Nd7 24. e6 fxe6 25. Bxe6+ Kh8 26. Qd6 Qb6 27. Qxd7 c4 28. Bxc4 Qxf2+ 29. Kh1 Qxb2 30. Qd6 Qf6 31. Qxb4 Rxh3+ 32. gxh3 Qf3+ 33.
Kh2 Qf2+ 34. Kh1 Qf3+ 35. Kh2 Qf4+ 36. Kh1 Qe4+ 37. Kg1 Qe3+ 38. Kh1 Qxh3+ 39. Kg1 Qg3+ 40. Kh1 Qh4+ 41. Kg1 Qg5+ 42. Kh1 Qh6+ 43. Kg1 Qg6+ 44. Kh1 Qh5+ 45. Kg1 Qg4+ 46. Kh1 Qe4+ 47. Kg1 Qe3+ 48.
Kh1 Qf3+ 49. Kg1 Bb7 50. Qxf8+ Qxf8 51. Rab1 Qc5+ 52. Kf1 Qf5+ 53. Ke1 Qe4+ 54. Kd2 Qd4+ 55. Bd3 Qf4+ 56. Kc3 Bd5 57. Rf1 Qe5+ 58. Kc2 Qc7+ 59.
Kd2 Qa5+ 60. Ke3 Qc5+ 61. Kd2 g6 62. Rb5 Qd4 63. Rf8+ Kg7 64. Rd8 Qf4+ 65. Kc2 Qc7+ 0-1

[Event "*** Titled Tuesday Blitz"]
[Site "Chess.com"]
[Date "2019.12.03"]
[Round "5"]
[White "Korchmar_Vasiliy"]
[Black "Gentlejimmy7"]
[Result "1/2-1/2"]
[WhiteElo "2746"]
[BlackElo "2585"]
[TimeControl "180+2"]
[EndTime "14:08:04 PST"]
[Termination "Game drawn - insufficient material"]

1. d4 Nf6 2. c4 g6 3. Nc3 d5 4. Nf3 Bg7 5. Bf4 O-O 6. e3 c5 7. dxc5 dxc4 8. Qxd8 Rxd8 9. Bxc4 Bd7 10. O-O-O Nc6 11. Ng5 Be8 12. a3 h6 13. Nge4 Nxe4 14. Nxe4 Ne5 15. Bd5 Rab8 16. b4 b6 17. Kc2 Rdc8 18.
Bb3 Bc6 19. Rd4 bxc5 20. Nxc5 Ba8 21. f3 a5 22. Rhd1 axb4 23. axb4 Bc6 24. Bg3 Ra8 25.
Kb2 Bb5 26. Be1 Nc6 27. Bc3 Nxd4 28. exd4 e6 29. Ne4 Ba4 30. Bxa4 Rxa4 31. Kb3 Ra7 32.
b5 Bf8 33. Bb4 Bxb4 34. Kxb4 Rc2 35. Rb1 Rb7 36. Nc5 Rb8 37. Ka5 Ra2+ 38. Kb4 Rxg2 39. Na6 Rb7 40. Nc5 Rb8 41. Kc4 Rc2+ 42. Kd3 Rxh2 43.
b6 Ra2 44. Nd7 Rb7 45. Nc5 Rb8 46. Ke4 Kg7 47. Ke5 h5 48. b7 Ra7 49. Kd6 g5 50.
Kc7 Rbxb7+ 51. Nxb7 Ra3 52. Rg1 Kf6 53. Nd6 Rxf3 54. Ne4+ Kf5 55. Nxg5 Rd3 56. d5 Rxd5 57. Nxf7 Kf6 58. Nd6 Rd3 59. Ne4+ Kf5 60. Ng3+ Rxg3 61. Rxg3 h4 62. Rg8 h3 63. Kd6 Kf4 64. Rh8 Kg3 65. Rg8+ Kf2 66. Rf8+ Kg2 67. Rg8+ Kf2 68.
Rh8 Kg2 69. Kxe6 h2 70. Rg8+ Kf2 71. Rh8 Kg2 72. Rxh2+ Kxh2 1/2-1/2

[Event "*** Titled Tuesday Blitz"]
[Site "Chess.com"]
[Date "2019.12.03"]
[Round "5"]
[White "ehrenfeld"]
[Black "Msb2"]
[Result "0-1"]
[WhiteElo "2560"]
[BlackElo "2816"]
[TimeControl "180+2"]
[EndTime "14:08:08 PST"]
[Termination "Msb2 won by resignation"]

1. e4 c6 2. d4 d5 3. e5 Bf5 4. h4 h5 5. Bd3 Bxd3 6. Qxd3 Qa5+ 7. Bd2 Qa6 8. e6 Qxd3 9. exf7+ Kxf7 10. cxd3 Nd7 11. Nf3 Nh6 12. Bxh6 gxh6 13. Nbd2 Bg7 14.
Nf1 e5 15. Ng3 Rhe8 16. O-O-O exd4 17. Nxh5 Bh8 18. Nf4 Ne5 19. Nxe5+ Bxe5 20. Ne2 c5 21. Rh3 Bc7 22. Rf3+ Kg7 23. Nf4 Bxf4+ 24. Rxf4 Re2 25.
Rd2 Rae8 26. Rxe2 Rxe2 27. Rf5 b6 28. g4 c4 29. Rxd5 cxd3 30. Rxd4 Rc2+ 31. Kb1 Rxf2 32. Rxd3 Rf4 33. Rg3 Kg6 34. Kc2 b5 35. Kc3 Rc4+ 36. Kb3 a5 37. a3 a4+ 38. Ka2 Rf4 39. Kb1 Rc4 40. Rg2 Kg7 41. Rg3 Kg6 42. Rg2 Kg7 43. Rg3 Re4 44. Kc2 Rc4+ 45. Kd3 Kg6 46. Rg2 Kg7 47. Rg3 Kg6 48. Rg2 Rf4 49. Rg3 Rf1 50.
Kc3 Rf4 51. Kd3 b4 52. axb4 Rxb4 53. Kc2 Rc4+ 54. Kb1 Kf6 55. Ka2 Ke5 56. g5 Kf4 57. Rg2 Kf3 58. Rg1 Kf2 59. Rh1 h5 60. Ka3 Kg2 61.
Re1 Rxh4 62. g6 Rg4 63. Re5 h4 64. Rh5 h3 65. g7 h2 66. Rh7 h1=Q 67. Rxh1 Kxh1 68.
g8=Q Rxg8 69. Kxa4 Kg2 70. b4 Kf3 71. Kb5 Ke4 72.
Kc5 Ke5 73. b5 Rc8+ 74. Kb6 Kd6 75. Kb7 Rc1 76. b6 Kd7 77. Ka8 Kc6 78. b7 Ra1+ 79.
Kb8 Kb6 80. Kc8 Rc1+ 81. Kb8 Rh1 82. Ka8 Ra1+ 83. Kb8 Ra7 0-1